 Dungeon Crawl Stone Soup version 0.20.1-1-g8b1a95d (webtiles) character file.

11538 letownia2 the Reanimator (level 11, -7/97 HPs)
             Began as a Deep Dwarf Necromancer on Nov 14, 2017.
             Was an Initiate of Gozag.
             Killed by divine providence
             ... invoked by an orc priest
              (9 damage)
             ... on level 10 of the Dungeon on Nov 15, 2017.
             The game lasted 00:38:20 (12468 turns).

letownia2 the Reanimator (Deep Dwarf Necromancer)  Turns: 12468, Time: 00:38:21

Health: -7/97      AC: 14    Str: 13    XL:     11   Next: 50%
Magic:  25/26      EV: 11    Int: 18    God:    Gozag
Gold:   720        SH:  0    Dex: 16    Spells: 28/32 levels left

rFire    . . .     SeeInvis .   a - +7 dagger "Toengoad" {holy, MR+ Dex+3}
rCold    . . .     Gourm    .   (no shield)
rNeg     + . .     Faith    .   p - +0 ring mail
rPois    .         Spirit   .   A - +1 helmet
rElec    .         Reflect  .   N - scarf {cloud immunity}
rCorr    .         Harm     .   k - +0 pair of gloves
MR       ++...                  o - +1 pair of boots {Fly}
Stlth    ++........             (no amulet)
Regen    0.0/turn               q - +3 ring of protection
MPRegen  0.2/turn               t - ring of positive energy

@: flying, non-regenerating
A: damage resistance, heal wounds, sense surroundings 2, no regeneration
a: Heal Wounds, Potion Petition, Call Merchant, Bribe Branch, Renounce Religion


You were on level 10 of the Dungeon.
You worshipped Gozag.
Gozag was pleased with you.
You were very full.

You visited 2 branches of the dungeon, and saw 12 of its levels.

You collected 2391 gold pieces.
You spent 120 gold pieces at shops.
You paid 1551 gold pieces to Gozag.

Inventory:

Hand Weapons
 a - the +7 dagger "Toengoad" (weapon) {holy, MR+ Dex+3}
   (You found it on level 4 of the Dungeon)

   It has been blessed by the Shining One to cause great damage to the undead
   and demons.
   It affects your dexterity (+3).
   It affects your resistance to hostile enchantments.
 b - a +1 mace of crushing
 d - a +2 dagger of venom
 L - a +1 war axe
Missiles
 B - 15 bolts
 H - 4 curare-tipped needles
 M - 3 javelins (quivered)
Armour
 k - a +0 pair of gloves (worn)
 o - a +1 pair of boots of flying (worn)
 p - a +0 ring mail (worn)
 A - a +1 helmet (worn)
 N - a scarf of cloud immunity (worn)
Jewellery
 q - a +3 ring of protection (left hand)
 t - a ring of positive energy (right hand)
Wands
 g - a wand of digging (9/24)
 F - a wand of acid (4/15)
Scrolls
 e - a scroll of immolation
 f - 5 scrolls of enchant armour
 h - 4 scrolls of remove curse
 i - a scroll of identify
 m - 3 scrolls of magic mapping
 n - a scroll of enchant weapon
 v - 3 scrolls of teleportation
 w - a scroll of blinking
 y - a scroll of recharging
 K - a scroll of fear
 T - a scroll of random uselessness {unknown}
Potions
 j - 3 potions of heal wounds {unknown}
 l - 4 potions of flight
 r - 5 potions of curing {unknown}
 s - a potion of cancellation
 x - 2 potions of haste {unknown}
 z - 2 potions of degeneration {unknown}
 C - a potion of lignification
 D - a potion of mutation
 I - a potion of berserk rage {unknown}
 J - a potion of might {unknown}
 O - a potion of brilliance {unknown}
Books
 u - a book of Necromancy

   Spells                             Type                      Level
   a - Pain                           Necromancy                   1
   b - Animate Skeleton               Necromancy                   1
   c - Vampiric Draining              Necromancy                   3
   d - Regeneration                   Charms/Necromancy            3
   e - Animate Dead                   Necromancy                   4
   f - Control Undead                 Necromancy                   4
Miscellaneous
 G - 2 phantom mirrors
Comestibles
 E - 10 meat rations
 W - 2 fruits
 X - a bread ration


   Skills:
 + Level 6.0 Fighting
 - Level 3.5 Armour
 - Level 2.1 Dodging
 - Level 2.4 Stealth
 - Level 11.4 Spellcasting
 + Level 11.6 Necromancy


You had 28 spell levels left.
You knew the following spells:

 Your Spells              Type           Power        Failure   Level  Hunger
a - Pain                  Necr           ####         1%          1    None
v - Vampiric Draining     Necr           ######....   1%          3    None


Dungeon Overview and Level Annotations

Branches:
Dungeon (11/15)            Temple (1/1) D:4            Lair (0/6) D:10
    Orc: D:9-12

Altars:
Ashenzari
Cheibriados
Dithmenos
Fedhas
Gozag
Hepliaklqana
Kikubaaqudgha
Nemelex Xobeh
Okawaru
Sif Muna
Uskayaw
Vehumet
Xom
Yredelemnul
Zin
Jiyva

Shops:
D:6 *   D:9 *

Annotations:
D:4 Dowan; Duvessa; Eustachio
D:8 AdmiralAndromeda's ghost, novice MfGl
D:10 Nergalle


Innate Abilities, Weirdness & Mutations

You are resistant to damage.
You can heal yourself by infusing magical energy.
You passively map the area around you.
You do not regenerate.


Message History

Unknown command.
Casting: Vampiric Draining
Confirm with . or Enter, or press ? or * to list all spells.
Aiming: Vampiric Draining
Press: ? - help, Shift-Dir - straight line, f - orc
Aim: an orc, wielding a hand axe and wearing a leather armour
Okay, then.
The orc priest mumbles some strange prayers to Beogh against you.
Beogh smites you!
* * * LOW HITPOINT WARNING * * *
You see here a hand axe.
Unknown command.
Unknown command.
Unknown command.
It was a potion of flight.
You feel more buoyant.
The orc priest invokes the aid of Beogh against you.
Beogh smites you!
You die...
Your body crumbles into a pile of gold.

......###..<...#..###.#
.....................>#
......###.>..(.[.#.(..#
......# ###.###.##.####
......# #(.##.##.#
......# ##.##....####
......# #........))#
####### ##.......[(#
#...@.....#
#..)############
##.o####.......#
#.O...........#
#..o........(.#
#.>...........#
#.........#####
########.........#
#................#


You could see an ogre and an orc priest.

Vanquished Creatures
  3 two-headed ogres
  The ghost of Thaneod the Destroyer, a novice DEFE of Vehumet (D:7)
  A deep elf mage (D:10)
  A cyclops (D:10)
  Joseph (D:7)
  A merfolk (D:9)
  A hippogriff (D:10)
  Sigmund (D:4)
  A wyvern (D:9)
  7 yaks
  A human (D:9)
  A steam dragon (D:10)
  Menkaure (D:7)
  A water moccasin (D:9)
  4 orc warriors
  4 sky beasts
  An eye of draining (D:10)
  4 ice beasts
  2 black bears
  3 necrophages
  7 ogres
  A centaur (D:8)
  2 phantoms
  The ghost of pstr the Conjurer, an amateur KoCj (D:3)
  9 bullfrogs
  2 scorpions
  17 killer bees
  3 wights (D:8)
  A howler monkey (D:8)
  4 crimson imps
  A centaur zombie (D:6)
  A quasit (D:10)
  A centaur skeleton (D:9)
  5 hounds
  7 jellies
  9 orc priests
  Terence (D:3)
  Ijyb (D:3)
  4 iguanas
  7 orc wizards
  Natasha (thrice) (D:4)
  5 worker ants
  2 hound skeletons
  A howler monkey zombie (D:4)
  Robin (D:2)
  7 gnolls (D:6)
  A worker ant zombie (D:9)
  10 adders
  8 oozes (D:2)
  An adder zombie (D:7)
  An adder skeleton (D:4)
  5 worms
  2 dart slugs (D:1)
  7 leopard geckos
  43 orcs
  7 bats
  2 giant cockroaches
  27 goblins
  14 hobgoblins
  13 jackals
  24 kobolds
  3 quokkas
  2 ball pythons
  2 frilled lizards (D:2)
  A jackal skeleton (D:3)
  A jackal zombie (D:6)
  2 leopard gecko skeletons (D:4)
  4 rats
323 creatures vanquished.

Vanquished Creatures (others)
  A dart slug (D:4)
  11 fungi (D:4)
  6 plants (D:9)
  6 toadstools (D:2)
24 creatures vanquished.

Grand Total: 347 creatures vanquished

Notes
Turn   | Place    | Note
-------+----------+-------------------------------------------
     0 | D:1      | letownia2 the Deep Dwarf Necromancer began the quest for the Orb.
     0 | D:1      | Reached XP level 1. HP: 15/15 MP: 3/3
   342 | D:1      | Reached XP level 2. HP: 22/22 MP: 3/5
   591 | D:3      | Reached skill level 5 in Necromancy
   668 | D:3      | Reached XP level 3. HP: 28/28 MP: 2/6
   675 | D:3      | Learned a level 3 spell: Vampiric Draining
   803 | D:4      | Noticed an ogre
  1217 | D:3      | Reached XP level 4. HP: 34/36 MP: 0/7
  1290 | D:3      | Noticed pstr's ghost (amateur KoCj)
  1330 | D:3      | Noticed Ijyb
  1357 | D:3      | Killed Ijyb
  1480 | D:3      | Found a basalt altar of Yredelemnul.
  1609 | D:4      | Killed an ogre
  1609 | D:4      | Reached XP level 5. HP: 17/42 MP: 0/8
  1822 | D:4      | Reached skill level 1 in Armour
  1910 | D:4      | Reached skill level 1 in Fighting
  1910 | D:4      | Reached XP level 6. HP: 44/51 MP: 6/10
  1948 | D:4      | Noticed Sigmund
  1962 | D:4      | Killed Sigmund
  2151 | D:4      | Reached XP level 7. HP: 49/60 MP: 0/12
  2399 | D:4      | Noticed Natasha
  2404 | D:4      | Killed Natasha
  2411 | D:4      | Noticed Eustachio
  2413 | D:4      | Noticed Duvessa
  2428 | D:4      | Noticed Natasha
  2473 | D:4      | Killed Natasha
  2483 | D:4      | Noticed Dowan
  2867 | D:4      | Found a staircase to the Ecumenical Temple.
  2872 | D:4      | Got a bloodstained dagger
  2873 | D:4      | Identified the +7 dagger "Toengoad" {holy, MR+ Dex+3} (You found it on level 4 of the Dungeon)
  2885 | Temple   | Entered the Ecumenical Temple
  2906 | Temple   | Became a worshipper of Gozag Ym Sagoz the Greedy
  3027 | D:4      | Noticed Natasha
  3033 | D:4      | Killed Natasha
  3147 | D:3      | Found a faded altar of an unknown god.
  3309 | D:3      | Killed pstr's ghost
  3322 | D:3      | Noticed Terence
  3328 | D:3      | Killed Terence
  3878 | D:2      | Found a radiant altar of Vehumet.
  3882 | D:2      | Found an iron altar of Okawaru.
  4401 | D:2      | Noticed Robin
  4461 | D:2      | Killed Robin
  4564 | D:2      | Reached XP level 8. HP: 58/67 MP: 1/14
  5381 | D:5      | Entered Level 5 of the Dungeon
  5549 | D:5      | Reached skill level 5 in Spellcasting
  5910 | D:5      | Found a snail-covered altar of Cheibriados.
  5910 | D:5      | Found a hazy altar of Hepliaklqana.
  5911 | D:5      | Found a shadowy altar of Dithmenos.
  6737 | D:6      | Gained mutation: You passively map the area around you. [Deep Dwarf growth]
  6737 | D:6      | Reached XP level 9. HP: 41/73 MP: 0/19
  7612 | D:7      | Noticed Thaneod's ghost (novice DEFE)
  7679 | D:7      | Noticed Joseph
  7697 | D:7      | Killed Joseph
  7946 | D:7      | Killed Thaneod's ghost
  8089 | D:7      | Found a shimmering altar of Xom.
  8128 | D:7      | Noticed Menkaure
  8132 | D:7      | Killed Menkaure
  8252 | D:7      | Found a glowing silver altar of Zin.
  8691 | D:8      | Noticed AdmiralAndromeda's ghost (novice MfGl)
  8795 | D:8      | Reached skill level 10 in Spellcasting
  8795 | D:8      | Reached XP level 10. HP: 76/80 MP: 3/24
  8809 | D:8      | Noticed a two-headed ogre
  8842 | D:8      | Killed a two-headed ogre
 10391 | D:9      | Found an ancient bone altar of Kikubaaqudgha.
 10398 | D:9      | Noticed a two-headed ogre
 10428 | D:9      | Killed a two-headed ogre
 10428 | D:9      | Reached skill level 10 in Necromancy
 10615 | D:9      | Reached XP level 11. HP: 89/91 MP: 22/26
 10749 | D:9      | Found a blossoming altar of Fedhas.
 10922 | D:6      | Bought a scroll labeled JEMEURHOINE for 30 gold pieces
 10922 | D:6      | Bought a scroll labeled JUXOIL FYILAST for 30 gold pieces
 10922 | D:6      | Bought a scroll labeled ZEGRIU YCIO for 30 gold pieces
 10922 | D:6      | Bought a scroll labeled PIPLIW EMIXZEMM for 30 gold pieces
 10991 | D:10     | Entered Level 10 of the Dungeon
 10991 | D:10     | Found a staircase to the Lair.
 11006 | D:10     | Noticed Nergalle
 11483 | D:10     | Noticed a deep elf mage
 11662 | D:10     | Killed a deep elf mage
 11662 | D:10     | Reached skill level 5 in Fighting
 12082 | D:11     | Noticed a two-headed ogre
 12104 | D:10     | Killed a two-headed ogre
 12466 | D:10     | HP: 2/97 [orc priest/divine providence (13)]
 12468 | D:10     | Killed from afar by an orc priest

Skill      XL: |  1  2  3  4  5  6  7  8  9 10 11 |
---------------+----------------------------------+-----
Spellcasting   | 2 3 4 7 10 11 | 11.4
Necromancy     | 5 7 8 9 10 11 | 11.6
Armour         | 1 2 3 |  3.5
Fighting       | 1 2 3 6 |  6.0
Dodging        | |  2.1
Stealth        | |  2.4

Action                   |  1- 3 |  4- 6 |  7- 9 | 10-12 || total
-------------------------+-------+-------+-------+-------++-------
Melee: Dagger            |    15 |    53 |   281 |   261 ||   610
Throw: Javelin           |       |       |     1 |     3 ||     4
 Cast: Pain              |    38 |    24 |   144 |     4 ||   210
       Vampiric Draining |     7 |    15 |   106 |   166 ||   294
Invok: Call Merchant     |       |       |     1 |     1 ||     2
Evoke: Wand              |       |       |     2 |     9 ||    11
  Use: Scroll            |       |       |     1 |    20 ||    21
       Potion            |       |       |       |     1 ||     1
 Stab: Sleeping          |     2 |       |     5 |     2 ||     9
       Distracted        |       |       |     1 |       ||     1
  Eat: Chunk             |     2 |     5 |     5 |       ||    12
       Bread ration      |       |       |     4 |     2 ||     6
       Royal jelly       |       |       |     2 |     4 ||     6
Armor: Robe              |     4 |       |       |       ||     4
       Ring mail         |    10 |    36 |   228 |   215 ||   489
       Leather armour    |     1 |       |       |       ||     1
Dodge: Dodged            |    24 |    39 |   257 |   303 ||   623
